 Dungeon Crawl Stone Soup version 0.27.1-33-g824d729ab1 (webtiles) character file.

Game seed: 15085912734539000815

354 pkoi the Insei (level 6, -1/43 (51) HPs)
             Began as a Draconian Monk on Nov 29, 2021.
             Slain by a wight (5 damage)
             ... on level 3 of the Dungeon.
             The game lasted 00:03:42 (3845 turns).

pkoi the Insei (Draconian Monk)                     Turns: 3845, Time: 00:03:43

HP:   -1/43 (51)    AC:  9    Str: 13    XL:     6   Next: 35%
MP:   6/6           EV: 13    Int: 13    God:
Gold: 103           SH:  0    Dex: 13    Spells: 5/5 levels left

rFire    . . .     SeeInvis .     - Unarmed
rCold    . . .     Faith    .   (no shield)
rNeg     . . .     Spirit   .   (armour unavailable)
rPois    .         Reflect  .   (helmet restricted)
rElec    .         Harm     .   d - +2 cloak {Stlth+}
rCorr    .         Rampage  .   (no gloves)
Will     .....                  (no boots)
Stlth    +++.......             (no amulet)
HPRegen  0.14/turn              (no ring)
MPRegen  0.10/turn              (no ring)

@: studying Dodging, heavily drained
A: AC +6, unfitting armour, cold-blooded
a: no special abilities


You were on level 3 of the Dungeon.
You visited 1 branch of the dungeon, and saw 4 of its levels.

You collected 103 gold pieces.

Inventory:

Missiles
 c - 36 poisoned darts (quivered)
Armour
 d - a +2 cloak of stealth (worn)
Scrolls
 g - 2 scrolls of identify
Potions
 a - a potion of berserk rage {unknown}
 b - a potion of mutation {unknown}
 e - a potion of brilliance {unknown}
 f - 2 potions of invisibility {unknown}
 h - 5 potions of curing {unknown}
 i - a potion of cancellation
 j - a potion of degeneration {unknown}
 k - a potion of heal wounds {unknown}


   Skills:
 - Level 3.2 Fighting
 + Level 3.2 Dodging
 - Level 1.7 Stealth
 * Level 7.1 Unarmed Combat


You had 5 spell levels left.
You didn't know any spells.
Your spell library was empty.

Dungeon Overview and Level Annotations

Branches:
Dungeon (4/15)
 Temple: D:4-7

Altars:

Shops:
D:2 (:


Innate Abilities, Weirdness & Mutations

Your plain brown scales are hard. (AC +6)
You cannot fit into any form of body armour.
You are cold-blooded and may be slowed by cold attacks.


Message History

The wight hits you with a +0 flail.
You feel drained.
You barely miss the wight.
The wight is severely damaged.
The wight hits you with a +0 flail!
* * * LOW HITPOINT WARNING * * *
You hit the wight.
Your tail-slap misses the wight.
The wight is severely damaged.
The wight hits you but does no damage.
You closely miss the wight.
The wight is severely damaged.
You barely miss the wight.
Your tail-slap misses the wight.
The wight is severely damaged.
The wight closely misses you.
You closely miss the wight.
The wight is severely damaged.
The wight misses you.
You closely miss the wight.
The wight is severely damaged.
The wight hits you but does no damage.
You closely miss the wight. Your punch misses the wight.
The wight is severely damaged.
The wight closely misses you.
You hit the wight but do no damage.
The wight is severely damaged.
The wight hits you with a +0 flail!
* * * LOW HITPOINT WARNING * * *
You closely miss the wight.
The wight is severely damaged.
You hit the wight but do no damage.
The wight is severely damaged.
The wight barely misses you.
You hit the wight but do no damage.
The wight is severely damaged.
The wight hits you with a +0 flail.
* * * LOW HITPOINT WARNING * * *
You closely miss the wight.
You tail-slap the wight, but do no damage.
The wight is severely damaged.
The wight hits you with a +0 flail.
You die...

#.######.###...........#####
###...#....# #..............##
#..........###..........###.#.
#.......>...###...<......##...
#............#...........####.
############.........)...[# #.
##...........#.# #.
##...........#.###. #########
#.@z.........#..##. ##...#...##
##...........###.#..
##.........###..#........####.#.#
#..[.............................
#............####.###....####..##
#............# #.# ####.# ##..##
##...........####.# #.###...#.
##...#...........## #.........
#######....####..# #####.##..


You could see a wight.

Vanquished Creatures
  2 centaurs (D:4)
  A wight (D:3)
  An iguana (D:4)
  A hound skeleton (D:4)
  2 adders
  3 gnolls
  An adder skeleton (D:4)
  2 dart slugs
  2 worms
  An orc (D:4)
  8 ball pythons
  6 bats
  9 endoplasms
  A giant cockroach (D:2)
  2 goblins
  6 hobgoblins
  2 jackals (D:1)
  2 kobolds (D:1)
  3 quokkas
  A frilled lizard (D:2)
  5 rats
61 creatures vanquished.

Notes
Turn   | Place    | Note
-------+----------+-------------------------------------------
     0 | D:1      | pkoi the Draconian Monk began the quest for the Orb.
     0 | D:1      | Reached XP level 1. HP: 19/19 MP: 1/1
   572 | D:1      | Reached XP level 2. HP: 26/26 MP: 2/2
   978 | D:1      | Reached skill level 4 in Unarmed Combat
  1338 | D:2      | Reached XP level 3. HP: 31/31 MP: 3/3
  1597 | D:2      | Found Vuri's Book Boutique.
  1623 | D:2      | Found Guocsoat's Antique Weapon Emporium.
  2504 | D:3      | Reached skill level 5 in Unarmed Combat
  2504 | D:3      | Reached XP level 4. HP: 23/38 MP: 4/4
  3207 | D:4      | Noticed a centaur
  3349 | D:4      | Killed a centaur
  3350 | D:4      | Reached skill level 6 in Unarmed Combat
  3350 | D:4      | Reached XP level 5. HP: 39/45 MP: 5/5
  3392 | D:4      | Noticed a centaur
  3402 | D:4      | Killed a centaur
  3403 | D:4      | Reached XP level 6. HP: 46/51 MP: 6/6
  3520 | D:3      | Reached skill level 7 in Unarmed Combat
  3845 | D:3      | Slain by a wight

Illustrated notes

Levels and vault maps discovered:
D:1:      dpeg_arrival_simpleton_b, layout_loops_ring, hex_large,
          chequers_serial_rivers_room_a, minivault_25
D:2:      layout_basic, serial_shops, shop_statue, nicolae_diamond_shop
D:3:      layout_rooms
D:4:      layout_basic, kennysheep_doodads, minmay_manual_mares

Skill      XL: |  1  2  3  4  5  6 |
---------------+-------------------+-----
Unarmed Combat | 4 5 6 7 |  7.1
Dodging        | 3 |  3.2
Fighting       | |  3.2
Stealth        | |  1.7

Action                   |  1- 3 |  4- 6 || total
-------------------------+-------+-------++-------
Melee: Unarmed           |   125 |    94 ||   219
       Tailslap          |    14 |    14 ||    28
       Punch             |     1 |     1 ||     2
  Use: Scroll            |     4 |       ||     4
 Stab: Sleeping          |     6 |     3 ||     9
Armor: Skin              |    33 |    29 ||    62
Dodge: Dodged            |    61 |    69 ||   130
